Login

Warheads vs Mongoloids

Created - February 25, 2024 at 12:04

Goals
1 2 3 OT1 T
Warheads 0 0 4 0 4
Mongoloids 1 1 2 1 5
Shots
1 2 3 OT1 T
Warheads 14 11 15 0 40
Mongoloids 5 13 7 3 28

GoalsPenalties
1st period
1. Mongoloids , Markus Niemelainen 2 (Ondrej Palat 3, Evgeni Malkin 21) at 9:34
Andreas Englund (ULA) for Interference (Minor) at 1:04
Andreas Englund (ULA) for Holding (Minor) at 12:53
2nd period
2. Mongoloids , Drake Batherson 10 (Mattias Ekholm 8) at 17:21
Mason Marchment (ULA) for High sticking (Minor) at 12:57
3rd period
3. Mongoloids , Drake Batherson 11 (Ryan Lindgren 5) at 1:45
4. Warheads , Brock Knuckledunker 14 (Cam Fowler 13) at 3:30 (SH)
5. Warheads , John Marino 5 (Brock Knuckledunker 20, Mitchell Marner 29) at 4:39 (SH)
6. Warheads , Lawson Crouse 9 (Lucas Raymond 14, Robert Thomas 17) at 7:08 (PP)
7. Warheads , Robert Thomas 13 (Jeremy Lauzon 11, Jacob Middleton 10) at 8:52
8. Mongoloids , David Perron 11 (Michael Matheson 21, Mattias Ekholm 9) at 10:35
Timothy Liljegren (WAR) for Delaying the game (Minor) at 3:08
Andreas Englund (ULA) for Holding (Minor) at 6:35
John Tavares (ULA) for Tripping (Minor) at 10:56
Jonathan Marchessault (ULA) for Interference (Minor) at 15:19
Overtime #1
9. Mongoloids , Michael Matheson 2 (John Tavares 19) at 0:24
No Penalty
Goalie Stats
Logan Thompson (WAR), 23 saves from 28 shots - (0.821), OTL, 21-23-5, 60:25 minutes
Scott Wedgewood (ULA), 36 saves from 40 shots - (0.900), W, 9-9-2, 60:25 minutes
3 StarsOfficial
1 - Drake Batherson (ULA)
2 - Michael Matheson (ULA)
3 - Markus Niemelainen (ULA)
Referees : Unknown
Linesman : Unknown
Game Note
Brock Knuckledunker is injured at 14:54 of 3rd period (Lower Body)
Finance
Level 1 -- Attendance: 4703 (78.38%) -- Ticket Income $470,300
Level 2 -- Attendance: 3461 (69.22%) -- Ticket Income $207,660
Level 3 -- Attendance: 1655 (82.75%) -- Ticket Income $57,925
Level 4 -- Attendance: 3041 (76.03%) -- Ticket Income $76,025
Luxury Box -- Attendance: 918 (91.80%) -- Ticket Income $183,600
Game was played at the The Yurt.
Total Attendance: 13778 (76.54%)
Total Ticket Income: $995,510
Other Income: $398,204
Total Income: $1,393,714



Team Name Goals Shots Shots Attemp Shots Blocked PIM HIT PP PK FO%
Warheads 4409532141 / 6 (17%)063%
Mongoloids 528451412230 / 1 (0%)137%

Warheads
Player Name POS G A P +/- PIM HIT SHT SB MP PP MP PP SHT PK MP PK SHT FO% FOT
Andrew CoppC/LW/RW000000007:030:0000:0000% 0
Brock KnuckledunkerC/LW1120006017:103:3801:05165% 20
Cam FowlerD011-1002020:265:1910:5700% 0
Damon SeversonD000000004:350:0000:0000% 0
Ilya MikheyevLW/RW000-1001014:270:0000:0000% 1
Jack McBainC/LW000-2010018:054:3300:5400% 0
Jacob MiddletonD0111000019:015:0901:0200% 0
Jake WalmanD000-1002116:030:0000:0000% 0
Jeff CarterC/RW000000017:030:0000:000100% 7
Jeremy LauzonD0110042023:095:0911:0200% 0
John MarinoD101-1003021:085:1900:5710% 0
Lawson CrouseLW/RW1010014019:075:3720:0000% 1
Lucas RaymondRW0110002019:075:3700:000100% 1
Lukas ReichelLW/RW000-1001015:351:0200:0000% 2
Mitchell MarnerRW011-1014125:344:3301:05025% 4
Nicolas RoyC/LW/RW000-1046015:140:4700:00063% 16
Robert ThomasC/RW112-1007020:265:3720:54065% 26
Timothy LiljegrenD000-1230016:020:0000:0000% 0
Mongoloids
Player Name POS G A P +/- PIM HIT SHT SB MP PP MP PP SHT PK MP PK SHT FO% FOT
Adam BoqvistD000000007:140:0000:4100% 0
Andreas EnglundD000-1630117:161:0902:1900% 0
Austin WatsonLW/RW0000041017:300:5001:0900% 2
David PerronLW/RW1010002019:580:5004:2000% 0
Dillon DubeC/RW0001002015:590:0003:03022% 18
Drake BathersonLW/RW2022023018:571:0904:45025% 4
Evgeni MalkinC0110022020:550:0002:06067% 9
John TavaresC/LW0111224023:391:0903:25039% 23
Jonathan MarchessaultLW/RW0001242215:591:0902:08050% 2
Markus NiemelainenD1012021116:350:0001:2900% 0
Mason MarchmentLW/RW000-120007:100:0000:000100% 2
Mason McTavishC/LW0000012016:130:5000:00031% 16
Mattias EkholmD0220003119:230:5006:3000% 0
Michael MathesonD1121032525:360:5006:3000% 0
Ondrej PalatLW0111004113:240:0000:00050% 2
Rasmus AnderssonD000-1000318:271:0903:2700% 0
Ryan LindgrenD0112000015:060:0000:0000% 0
Tyrian LannisterD000000001:200:0000:0000% 0

Warheads

5 vs 5 Forward
Line #Left WingCenterRight WingPHYDFOFWanted %Time %Time Play
1Jack McBainBrock KnuckledunkerMitchell Marner1223026%12:33
2Lawson CrouseRobert ThomasLucas Raymond1222828%13:30
3Lukas ReichelNicolas RoyIlya Mikheyev1222630%14:27
4Andrew CoppJeff CarterMitchell Marner1221615%7:03
5 vs 5 Defense
Line #DefenseDefensePHYDFOFWanted %Time %Time Play
1Jeremy LauzonJacob Middleton1223027%12:45
2John MarinoCam Fowler1222830%14:10
3Jake WalmanTimothy Liljegren1222634%16:03
4Damon SeversonJeremy Lauzon1221610%4:35
Power Play Forward
Line #Left WingCenterRight WingPHYDFOFWanted %Time %Time Play
1Jack McBainBrock KnuckledunkerMitchell Marner1225546%4:51
2Lawson CrouseRobert ThomasLucas Raymond1224554%5:37
Power Play Defense
Line #DefenseDefensePHYDFOFWanted %Time %Time Play
1Jeremy LauzonJacob Middleton1225549%5:09
2John MarinoCam Fowler1224551%5:19
Penalty Kill 4 Players Forward
Line #CenterWingPHYDFOFWanted %Time %Time Play
1Mitchell MarnerBrock Knuckledunker1225555%1:05
2Robert ThomasJack McBain1224545%0:54
Penalty Kill 4 Players Defense
Line #DefenseDefensePHYDFOFWanted %Time %Time Play
1Jeremy LauzonJacob Middleton1225552%1:02
2John MarinoCam Fowler1224548%0:57
Penalty Kill 3 Players
Line #WingPHYDFOFWanted %Time %Time PlayDefenseDefensePHYDFOFWanted %Time %Time Play
1Mitchell Marner122550%0:00 Jeremy LauzonJacob Middleton122550%0:00
2Brock Knuckledunker122450%0:00 John MarinoCam Fowler122450%0:00
4 vs 4 Forward
Line #CenterWingPHYDFOFWanted %Time %Time Play
1Mitchell MarnerBrock Knuckledunker122550%0:00
2Robert ThomasJack McBain122450%0:00
4 vs 4 Defense
Line #DefensePHYDFOFWanted %Time %Time Play
1Jeremy LauzonJacob Middleton122550%0:00
2John MarinoCam Fowler122450%0:00
Last Minutes Offensive
Left WingCenterRight WingDefenseDefense
Jack McBainBrock KnuckledunkerMitchell MarnerJeremy LauzonJacob Middleton
Last Minutes Defensive
Left WingCenterRight WingDefenseDefense
Jack McBainBrock KnuckledunkerMitchell MarnerJeremy LauzonJacob Middleton
Time
Total ForwardTotal DefenseLast Minutes OffensiveLast Minutes Defensive
60:00 60:00 0:000:00
Extra Forwards
Normal PowerPlayPenalty Kill
Lukas Reichel, Nicolas Roy, Ilya MikheyevLukas Reichel, Nicolas RoyIlya Mikheyev
Extra Defensemen
Normal PowerPlayPenalty Kill
Jake Walman, Timothy Liljegren, Damon SeversonJake Walman, Timothy LiljegrenDamon Severson
Penalty Shots
Mitchell Marner, Brock Knuckledunker, Robert Thomas, Jack McBain, Lucas Raymond
Goalie
Logan Thompson, Adin Hill
Custom OT Lines Forwards
Mitchell Marner, Brock Knuckledunker, Robert Thomas, Jack McBain, Lucas Raymond, Lawson Crouse, Lukas Reichel, Nicolas Roy, Ilya Mikheyev, Jeff Carter
Custom OT Lines Defensemen
Jeremy Lauzon, Jacob Middleton, John Marino, Cam Fowler, Jake Walman
Scratches
Jordan Greenway (Healthy), Radek Faksa (Healthy)

Mongoloids

5 vs 5 Forward
Line #Left WingCenterRight WingPHYDFOFWanted %Time %Time Play
1Drake BathersonJohn TavaresJonathan Marchessault1223027%12:38
2David PerronMason McTavishAustin Watson1222832%15:23
3Ondrej PalatDillon DubeEvgeni Malkin1222627%12:56
4Mason MarchmentEvgeni MalkinJohn Tavares1221614%6:36
5 vs 5 Defense
Line #DefenseDefensePHYDFOFWanted %Time %Time Play
1Michael MathesonMattias Ekholm1223025%12:03
2Rasmus AnderssonAndreas Englund1222829%13:51
3Ryan LindgrenMarkus Niemelainen1222632%15:06
4Adam BoqvistMichael Matheson1221614%6:33
Power Play Forward
Line #Left WingCenterRight WingPHYDFOFWanted %Time %Time Play
1Drake BathersonJohn TavaresJonathan Marchessault1225558%1:09
2David PerronMason McTavishAustin Watson1224542%0:50
Power Play Defense
Line #DefenseDefensePHYDFOFWanted %Time %Time Play
1Michael MathesonMattias Ekholm1225542%0:50
2Rasmus AnderssonAndreas Englund1224558%1:09
Penalty Kill 4 Players Forward
Line #CenterWingPHYDFOFWanted %Time %Time Play
1John TavaresDrake Batherson1225550%5:14
2Jonathan MarchessaultDavid Perron1224550%5:14
Penalty Kill 4 Players Defense
Line #DefenseDefensePHYDFOFWanted %Time %Time Play
1Michael MathesonMattias Ekholm1225567%7:01
2Rasmus AnderssonAndreas Englund1224533%3:27
Penalty Kill 3 Players
Line #WingPHYDFOFWanted %Time %Time PlayDefenseDefensePHYDFOFWanted %Time %Time Play
1John Tavares122550%0:00 Michael MathesonMattias Ekholm122550%0:00
2Drake Batherson122450%0:00 Rasmus AnderssonAndreas Englund122450%0:00
4 vs 4 Forward
Line #CenterWingPHYDFOFWanted %Time %Time Play
1John TavaresDrake Batherson122550%0:00
2Jonathan MarchessaultDavid Perron122450%0:00
4 vs 4 Defense
Line #DefensePHYDFOFWanted %Time %Time Play
1Michael MathesonMattias Ekholm122550%0:00
2Rasmus AnderssonAndreas Englund122450%0:00
Last Minutes Offensive
Left WingCenterRight WingDefenseDefense
Drake BathersonJohn TavaresJonathan MarchessaultMichael MathesonMattias Ekholm
Last Minutes Defensive
Left WingCenterRight WingDefenseDefense
Drake BathersonJohn TavaresJonathan MarchessaultMichael MathesonMattias Ekholm
Time
Total ForwardTotal DefenseLast Minutes OffensiveLast Minutes Defensive
60:00 60:00 0:000:00
Extra Forwards
Normal PowerPlayPenalty Kill
John Tavares, Ondrej Palat, Dillon DubeJohn Tavares, Ondrej PalatDillon Dube
Extra Defensemen
Normal PowerPlayPenalty Kill
Ryan Lindgren, Markus Niemelainen, Adam BoqvistRyan Lindgren, Markus NiemelainenAdam Boqvist
Penalty Shots
John Tavares, Drake Batherson, Jonathan Marchessault, David Perron, Austin Watson
Goalie
Scott Wedgewood, Thatcher Demko
Custom OT Lines Forwards
John Tavares, Drake Batherson, Jonathan Marchessault, David Perron, Austin Watson, Mason McTavish, Evgeni Malkin, Ondrej Palat, Dillon Dube, Mason Marchment
Custom OT Lines Defensemen
Michael Matheson, Mattias Ekholm, Rasmus Andersson, Andreas Englund, Ryan Lindgren
Scratches
Yegor Sharangovich (Healthy), Cal Clutterbuck (Strained Right Knee Injury), Jaroslav Halak (Healthy)


Play-by-Play

1st period


0:01 of 1st period - Brock Knuckledunker wins face-off versus John Tavares in neutral zone.
0:27 of 1st period - Shot by Mitchell Marner.
0:27 of 1st period - Deflect By Brock Knuckledunker.
0:27 of 1st period - Stopped by Scott Wedgewood with a rebound.
0:37 of 1st period - Shot by Brock Knuckledunker.
0:37 of 1st period - Stopped by Scott Wedgewood with a rebound.
0:39 of 1st period - Shot by Jacob Middleton.
0:39 of 1st period - Deflect By Brock Knuckledunker.
0:39 of 1st period - Stopped by Scott Wedgewood with a rebound.
1:04 of 1st period - Minor Penalty to Andreas Englund for Interference.
1:05 of 1st period - Robert Thomas wins face-off versus Drake Batherson in Mongoloids zone.
1:32 of 1st period - Shot by Robert Thomas.
1:32 of 1st period - Stopped by Scott Wedgewood without a rebound.
1:33 of 1st period - Brock Knuckledunker wins face-off versus Jonathan Marchessault in Mongoloids zone.
1:36 of 1st period - Shot by Brock Knuckledunker.
1:36 of 1st period - Shot Misses the Net.
1:38 of 1st period - Shot by Jacob Middleton.
1:38 of 1st period - Shot Misses the Net.
2:33 of 1st period - Off-side.
2:34 of 1st period - Dillon Dube wins face-off versus Brock Knuckledunker in neutral zone.
3:09 of 1st period - Shot by Nicolas Roy.
3:09 of 1st period - Shot Misses the Net.
3:15 of 1st period - Shot by Nicolas Roy.
3:15 of 1st period - Stopped by Scott Wedgewood without a rebound.
3:16 of 1st period - Robert Thomas wins face-off versus Mason McTavish in Mongoloids zone.
4:28 of 1st period - Shot by Michael Matheson.
4:28 of 1st period - Stopped by Logan Thompson without a rebound.
4:29 of 1st period - Nicolas Roy wins face-off versus John Tavares in Warheads zone.
4:29 of 1st period - Nicolas Roy is hit by Jonathan Marchessault.
5:07 of 1st period - Shot by John Tavares.
5:07 of 1st period - Stopped by Logan Thompson with a rebound.
5:53 of 1st period - Shot by Mitchell Marner.
5:53 of 1st period - Shot Misses the Net.
6:05 of 1st period - Shot by Brock Knuckledunker.
6:05 of 1st period - Shot Misses the Net.
7:11 of 1st period - Shot by Robert Thomas.
7:11 of 1st period - Stopped by Scott Wedgewood with a rebound.
7:13 of 1st period - Shot by Jake Walman.
7:13 of 1st period - Stopped by Scott Wedgewood with a rebound.
7:15 of 1st period - Shot by Lawson Crouse.
7:15 of 1st period - Deflect By Robert Thomas.
7:15 of 1st period - Stopped by Scott Wedgewood without a rebound.
7:16 of 1st period - John Tavares wins face-off versus Nicolas Roy in Mongoloids zone.
8:40 of 1st period - Shot by Lawson Crouse.
8:40 of 1st period - Stopped by Scott Wedgewood with a rebound.
8:42 of 1st period - Shot by Robert Thomas.
8:42 of 1st period - Deflect By Lawson Crouse.
8:42 of 1st period - Shot Misses the Net.
8:49 of 1st period - Icing by Michael Matheson.
8:50 of 1st period - Mason McTavish wins face-off versus Brock Knuckledunker in Mongoloids zone.
9:19 of 1st period - Shot by Mitchell Marner.
9:19 of 1st period - Shot Misses the Net.
9:30 of 1st period - Shot by Evgeni Malkin.
9:30 of 1st period - Shot Misses the Net.
9:32 of 1st period - Shot by Ondrej Palat.
9:32 of 1st period - Stopped by Logan Thompson with a rebound.
9:34 of 1st period - Shot by Markus Niemelainen.
9:34 of 1st period - Goal by Markus Niemelainen - Warheads : 0 - Mongoloids : 1.
9:35 of 1st period - Nicolas Roy wins face-off versus Drake Batherson in neutral zone.
9:47 of 1st period - Drake Batherson is hit by Jeremy Lauzon and loses puck.
9:53 of 1st period - Ilya Mikheyev is hit by John Tavares and loses puck.
10:00 of 1st period - Andreas Englund is hit by Nicolas Roy and loses puck.
10:27 of 1st period - Shot by Lawson Crouse.
10:27 of 1st period - Shot Misses the Net.
10:38 of 1st period - Shot by Lucas Raymond.
10:38 of 1st period - Shot Blocked by Rasmus Andersson.
11:06 of 1st period - Shot by Mitchell Marner.
11:06 of 1st period - Stopped by Scott Wedgewood with a rebound.
11:08 of 1st period - Shot by John Marino.
11:08 of 1st period - Shot Misses the Net.
11:34 of 1st period - Jeff Carter is hit by Andreas Englund and loses puck.
11:47 of 1st period - Jacob Middleton is hit by Drake Batherson and loses puck.
12:53 of 1st period - Minor Penalty to Andreas Englund for Holding.
12:54 of 1st period - Robert Thomas wins face-off versus Dillon Dube in Mongoloids zone.
12:55 of 1st period - Shot by Cam Fowler.
12:55 of 1st period - Stopped by Scott Wedgewood with a rebound.
14:24 of 1st period - Off-side.
14:25 of 1st period - Evgeni Malkin wins face-off versus Robert Thomas in neutral zone.
15:01 of 1st period - Shot by Ilya Mikheyev.
15:01 of 1st period - Shot Blocked by Markus Niemelainen.
15:03 of 1st period - Shot by Nicolas Roy.
15:03 of 1st period - Shot Misses the Net.
15:05 of 1st period - Shot by Ilya Mikheyev.
15:05 of 1st period - Shot Misses the Net.
15:07 of 1st period - Shot by Nicolas Roy.
15:07 of 1st period - Stopped by Scott Wedgewood with a rebound.
15:09 of 1st period - Shot by Nicolas Roy.
15:09 of 1st period - Shot Misses the Net.
16:10 of 1st period - Off-side.
16:11 of 1st period - Robert Thomas wins face-off versus Dillon Dube in neutral zone.
16:40 of 1st period - Shot by Cam Fowler.
16:40 of 1st period - Shot Misses the Net.
17:14 of 1st period - Shot by Mitchell Marner.
17:14 of 1st period - Stopped by Scott Wedgewood without a rebound.
17:15 of 1st period - Nicolas Roy wins face-off versus Mason McTavish in Mongoloids zone.
17:16 of 1st period - Shot by Timothy Liljegren.
17:16 of 1st period - Shot Blocked by Michael Matheson.
17:37 of 1st period - Off-side.
17:38 of 1st period - Mason Marchment wins face-off versus Brock Knuckledunker in neutral zone.
18:30 of 1st period - Shot by David Perron.
18:30 of 1st period - Deflect By Mason McTavish.
18:30 of 1st period - Stopped by Logan Thompson without a rebound.
18:31 of 1st period - Robert Thomas wins face-off versus Mason McTavish in Warheads zone.
18:45 of 1st period - Shot by Mason McTavish.
18:45 of 1st period - Shot Misses the Net.
18:57 of 1st period - Lucas Raymond is hit by Austin Watson and loses puck.
19:33 of 1st period - Shot by Lukas Reichel.
19:33 of 1st period - Shot Blocked by Andreas Englund.
19:35 of 1st period - Shot by Nicolas Roy.
19:35 of 1st period - Shot Misses the Net.
19:39 of 1st period - Shot by Nicolas Roy.
19:39 of 1st period - Stopped by Scott Wedgewood without a rebound.
19:40 of 1st period - Jeff Carter wins face-off versus Dillon Dube in Mongoloids zone.
Goals for this period are 0 for Warheads vs 1 for Mongoloids.
Shots for this period are 14 for Warheads vs 5 for Mongoloids.

2nd period


0:01 of 2nd period - Evgeni Malkin wins face-off versus Brock Knuckledunker in neutral zone.
0:15 of 2nd period - Shot by Mitchell Marner.
0:15 of 2nd period - Stopped by Scott Wedgewood without a rebound.
0:16 of 2nd period - Mason McTavish wins face-off versus Robert Thomas in Mongoloids zone.
0:23 of 2nd period - Shot by Mason McTavish.
0:23 of 2nd period - Shot Hit the Post.
1:36 of 2nd period - Shot by John Tavares.
1:36 of 2nd period - Shot Misses the Net.
1:38 of 2nd period - Shot by Mattias Ekholm.
1:38 of 2nd period - Stopped by Logan Thompson without a rebound.
1:39 of 2nd period - Nicolas Roy wins face-off versus Dillon Dube in Warheads zone.
1:52 of 2nd period - Shot by Nicolas Roy.
1:52 of 2nd period - Stopped by Scott Wedgewood without a rebound.
1:53 of 2nd period - Jeff Carter wins face-off versus John Tavares in Mongoloids zone.
2:17 of 2nd period - Shot by Jonathan Marchessault.
2:17 of 2nd period - Stopped by Logan Thompson without a rebound.
2:18 of 2nd period - Dillon Dube wins face-off versus Nicolas Roy in Warheads zone.
2:18 of 2nd period - Dillon Dube is hit by Jeremy Lauzon.
2:24 of 2nd period - Shot by Evgeni Malkin.
2:24 of 2nd period - Deflect By Ondrej Palat.
2:24 of 2nd period - Stopped by Logan Thompson without a rebound.
2:25 of 2nd period - Dillon Dube wins face-off versus Nicolas Roy in Warheads zone.
2:25 of 2nd period - Evgeni Malkin is hit by Jeremy Lauzon and loses puck.
2:36 of 2nd period - Shot by Dillon Dube.
2:36 of 2nd period - Stopped by Logan Thompson with a rebound.
2:38 of 2nd period - Shot by Dillon Dube.
2:38 of 2nd period - Shot Misses the Net.
2:44 of 2nd period - Shot by Dillon Dube.
2:44 of 2nd period - Deflect By Ondrej Palat.
2:44 of 2nd period - Stopped by Logan Thompson without a rebound.
2:45 of 2nd period - Brock Knuckledunker wins face-off versus Mason McTavish in Warheads zone.
3:31 of 2nd period - Off-side.
3:32 of 2nd period - John Tavares wins face-off versus Robert Thomas in neutral zone.
4:00 of 2nd period - Evgeni Malkin is hit by Jeremy Lauzon and loses puck.
4:11 of 2nd period - Shot by Robert Thomas.
4:11 of 2nd period - Stopped by Scott Wedgewood without a rebound.
4:12 of 2nd period - Nicolas Roy wins face-off versus Dillon Dube in Mongoloids zone.
4:13 of 2nd period - Shot by Jake Walman.
4:13 of 2nd period - Stopped by Scott Wedgewood without a rebound.
4:14 of 2nd period - Jeff Carter wins face-off versus Mason McTavish in Mongoloids zone.
5:26 of 2nd period - Shot by Lukas Reichel.
5:26 of 2nd period - Stopped by Scott Wedgewood without a rebound.
5:27 of 2nd period - Robert Thomas wins face-off versus Dillon Dube in Mongoloids zone.
5:27 of 2nd period - Robert Thomas is hit by Markus Niemelainen.
5:33 of 2nd period - Shot by Robert Thomas.
5:33 of 2nd period - Shot Misses the Net.
5:35 of 2nd period - Shot by Lawson Crouse.
5:35 of 2nd period - Shot Blocked by Ondrej Palat.
5:37 of 2nd period - Shot by Lawson Crouse.
5:37 of 2nd period - Shot Misses the Net.
5:39 of 2nd period - Shot by Robert Thomas.
5:39 of 2nd period - Stopped by Scott Wedgewood without a rebound.
5:40 of 2nd period - Dillon Dube wins face-off versus Nicolas Roy in Mongoloids zone.
5:50 of 2nd period - Nicolas Roy is hit by Michael Matheson and loses puck.
6:31 of 2nd period - Shot by Drake Batherson.
6:31 of 2nd period - Shot Misses the Net.
6:49 of 2nd period - Shot by Jonathan Marchessault.
6:49 of 2nd period - Stopped by Logan Thompson with a rebound.
7:11 of 2nd period - Icing by Markus Niemelainen.
7:12 of 2nd period - Brock Knuckledunker wins face-off versus John Tavares in Mongoloids zone.
8:04 of 2nd period - Shot by Mattias Ekholm.
8:04 of 2nd period - Stopped by Logan Thompson without a rebound.
8:05 of 2nd period - Robert Thomas wins face-off versus Dillon Dube in Warheads zone.
8:16 of 2nd period - Icing by Andreas Englund.
8:17 of 2nd period - Robert Thomas wins face-off versus Dillon Dube in Mongoloids zone.
9:02 of 2nd period - Icing by Lucas Raymond.
9:03 of 2nd period - Lucas Raymond wins face-off versus Mason McTavish in Warheads zone.
9:18 of 2nd period - Shot by Mitchell Marner.
9:18 of 2nd period - Shot Blocked by Michael Matheson.
9:30 of 2nd period - Shot by Mitchell Marner.
9:30 of 2nd period - Shot Misses the Net.
10:07 of 2nd period - Shot by Jonathan Marchessault.
10:07 of 2nd period - Shot Misses the Net.
10:24 of 2nd period - Shot by Nicolas Roy.
10:24 of 2nd period - Stopped by Scott Wedgewood without a rebound.
10:25 of 2nd period - Brock Knuckledunker wins face-off versus Dillon Dube in Mongoloids zone.
10:50 of 2nd period - Shot by Mitchell Marner.
10:50 of 2nd period - Shot Misses the Net.
10:52 of 2nd period - Shot by Brock Knuckledunker.
10:52 of 2nd period - Shot Misses the Net.
10:58 of 2nd period - Shot by Mitchell Marner.
10:58 of 2nd period - Shot Misses the Net.
11:36 of 2nd period - Shot by Robert Thomas.
11:36 of 2nd period - Shot Misses the Net.
11:40 of 2nd period - Shot by Robert Thomas.
11:40 of 2nd period - Shot Misses the Net.
11:42 of 2nd period - Shot by Lucas Raymond.
11:42 of 2nd period - Stopped by Scott Wedgewood without a rebound.
11:43 of 2nd period - Drake Batherson wins face-off versus Nicolas Roy in Mongoloids zone.
12:03 of 2nd period - Shot by John Tavares.
12:03 of 2nd period - Stopped by Logan Thompson without a rebound.
12:04 of 2nd period - Brock Knuckledunker wins face-off versus Mason McTavish in Warheads zone.
12:38 of 2nd period - Shot by Brock Knuckledunker.
12:38 of 2nd period - Shot Misses the Net.
12:57 of 2nd period - Minor Penalty to Mason Marchment for High sticking.
12:58 of 2nd period - John Tavares wins face-off versus Robert Thomas in Mongoloids zone.
13:25 of 2nd period - Shot by Robert Thomas.
13:25 of 2nd period - Shot Blocked by Rasmus Andersson.
13:27 of 2nd period - Shot by Jeremy Lauzon.
13:27 of 2nd period - Stopped by Scott Wedgewood with a rebound.
13:29 of 2nd period - Shot by Jeremy Lauzon.
13:29 of 2nd period - Shot Misses the Net.
13:31 of 2nd period - Shot by Lawson Crouse.
13:31 of 2nd period - Stopped by Scott Wedgewood without a rebound.
13:32 of 2nd period - Brock Knuckledunker wins face-off versus John Tavares in Mongoloids zone.
14:00 of 2nd period - Mitchell Marner is hit by Michael Matheson and loses puck.
14:56 of 2nd period - Shot by Cam Fowler.
14:56 of 2nd period - Shot Blocked by Mattias Ekholm.
15:04 of 2nd period - Shot by Ondrej Palat.
15:04 of 2nd period - Shot Misses the Net.
15:22 of 2nd period - Shot by Evgeni Malkin.
15:22 of 2nd period - Stopped by Logan Thompson without a rebound.
15:23 of 2nd period - Nicolas Roy wins face-off versus Mason McTavish in Warheads zone.
15:23 of 2nd period - Nicolas Roy is hit by Mason McTavish.
15:38 of 2nd period - Lukas Reichel is hit by Andreas Englund and loses puck.
15:58 of 2nd period - Icing by Damon Severson.
15:59 of 2nd period - Nicolas Roy wins face-off versus Dillon Dube in Warheads zone.
16:04 of 2nd period - Dillon Dube is hit by Nicolas Roy and loses puck.
16:36 of 2nd period - Shot by John Marino.
16:36 of 2nd period - Stopped by Scott Wedgewood with a rebound.
16:54 of 2nd period - Shot by Robert Thomas.
16:54 of 2nd period - Shot Misses the Net.
17:11 of 2nd period - Icing by Jack McBain.
17:12 of 2nd period - Brock Knuckledunker wins face-off versus John Tavares in Warheads zone.
17:12 of 2nd period - Mitchell Marner is hit by Jonathan Marchessault and loses puck.
17:21 of 2nd period - Shot by Drake Batherson.
17:21 of 2nd period - Goal by Drake Batherson - Warheads : 0 - Mongoloids : 2.
17:22 of 2nd period - John Tavares wins face-off versus Lukas Reichel in neutral zone.
17:48 of 2nd period - Shot by Drake Batherson.
17:48 of 2nd period - Shot Misses the Net.
18:12 of 2nd period - Andreas Englund is hit by Nicolas Roy and loses puck.
18:31 of 2nd period - Shot by David Perron.
18:31 of 2nd period - Shot Blocked by Jake Walman.
18:33 of 2nd period - Shot by David Perron.
18:33 of 2nd period - Shot Misses the Net.
18:35 of 2nd period - Shot by Austin Watson.
18:35 of 2nd period - Stopped by Logan Thompson without a rebound.
18:36 of 2nd period - Evgeni Malkin wins face-off versus Brock Knuckledunker in Warheads zone.
18:41 of 2nd period - Shot by Dillon Dube.
18:41 of 2nd period - Shot Misses the Net.
18:43 of 2nd period - Shot by Mattias Ekholm.
18:43 of 2nd period - Stopped by Logan Thompson without a rebound.
18:44 of 2nd period - Brock Knuckledunker wins face-off versus Evgeni Malkin in Warheads zone.
19:07 of 2nd period - Shot by Evgeni Malkin.
19:07 of 2nd period - Stopped by Logan Thompson with a rebound.
19:32 of 2nd period - Austin Watson is hit by Jack McBain and loses puck.
19:54 of 2nd period - Lawson Crouse is hit by Austin Watson and loses puck.
19:59 of 2nd period - Cam Fowler is hit by Austin Watson and loses puck.
Goals for this period are 0 for Warheads vs 1 for Mongoloids.
Shots for this period are 11 for Warheads vs 13 for Mongoloids.

3rd period


0:01 of 3rd period - John Tavares wins face-off versus Brock Knuckledunker in neutral zone.
0:18 of 3rd period - Shot by Mitchell Marner.
0:18 of 3rd period - Deflect By Brock Knuckledunker.
0:18 of 3rd period - Shot Misses the Net.
0:30 of 3rd period - Michael Matheson is hit by Mitchell Marner and loses puck.
1:07 of 3rd period - Lawson Crouse is hit by Andreas Englund.
1:25 of 3rd period - Shot by Robert Thomas.
1:25 of 3rd period - Shot Blocked by Rasmus Andersson.
1:36 of 3rd period - Icing by Cam Fowler.
1:37 of 3rd period - Robert Thomas wins face-off versus John Tavares in Warheads zone.
1:37 of 3rd period - Robert Thomas is hit by Jonathan Marchessault.
1:45 of 3rd period - Shot by Drake Batherson.
1:45 of 3rd period - Goal by Drake Batherson - Warheads : 0 - Mongoloids : 3.
1:46 of 3rd period - Jeff Carter wins face-off versus Dillon Dube in neutral zone.
2:32 of 3rd period - Icing by Adam Boqvist.
2:33 of 3rd period - Ondrej Palat wins face-off versus Ilya Mikheyev in Mongoloids zone.
3:08 of 3rd period - Minor Penalty to Timothy Liljegren for Delaying the game.
3:09 of 3rd period - Mason McTavish wins face-off versus Mitchell Marner in Warheads zone.
3:30 of 3rd period - Shot by Brock Knuckledunker.
3:30 of 3rd period - Goal by Brock Knuckledunker - Warheads : 1 - Mongoloids : 3.
3:31 of 3rd period - John Tavares wins face-off versus Mitchell Marner in neutral zone.
3:54 of 3rd period - Icing by Drake Batherson.
3:55 of 3rd period - Mitchell Marner wins face-off versus John Tavares in Mongoloids zone.
4:06 of 3rd period - Shot by Rasmus Andersson.
4:06 of 3rd period - Shot Misses the Net.
4:33 of 3rd period - Shot by Brock Knuckledunker.
4:33 of 3rd period - Shot Misses the Net.
4:35 of 3rd period - Shot by Brock Knuckledunker.
4:35 of 3rd period - Shot Misses the Net.
4:37 of 3rd period - Shot by John Marino.
4:37 of 3rd period - Shot Blocked by Jonathan Marchessault.
4:39 of 3rd period - Shot by John Marino.
4:39 of 3rd period - Goal by John Marino - Warheads : 2 - Mongoloids : 3.
4:40 of 3rd period - Mason McTavish wins face-off versus Robert Thomas in neutral zone.
4:43 of 3rd period - Jack McBain is hit by Austin Watson and loses puck.
5:16 of 3rd period - Shot by Evgeni Malkin.
5:16 of 3rd period - Deflect By Ondrej Palat.
5:16 of 3rd period - Stopped by Logan Thompson without a rebound.
5:17 of 3rd period - Nicolas Roy wins face-off versus Dillon Dube in Warheads zone.
6:28 of 3rd period - Shot by Brock Knuckledunker.
6:28 of 3rd period - Deflect By Mitchell Marner.
6:28 of 3rd period - Shot Blocked by Michael Matheson.
6:30 of 3rd period - Shot by Brock Knuckledunker.
6:30 of 3rd period - Shot Misses the Net.
6:32 of 3rd period - Shot by Brock Knuckledunker.
6:32 of 3rd period - Stopped by Scott Wedgewood without a rebound.
6:33 of 3rd period - Robert Thomas wins face-off versus John Tavares in Mongoloids zone.
6:35 of 3rd period - Minor Penalty to Andreas Englund for Holding.
6:36 of 3rd period - Robert Thomas wins face-off versus John Tavares in Mongoloids zone.
7:02 of 3rd period - Shot by Lucas Raymond.
7:02 of 3rd period - Shot Blocked by Michael Matheson.
7:06 of 3rd period - Shot by Lawson Crouse.
7:06 of 3rd period - Shot Misses the Net.
7:08 of 3rd period - Shot by Lawson Crouse.
7:08 of 3rd period - Goal by Lawson Crouse - Warheads : 3 - Mongoloids : 3.
7:09 of 3rd period - Mason McTavish wins face-off versus Brock Knuckledunker in neutral zone.
8:02 of 3rd period - Shot by Ilya Mikheyev.
8:02 of 3rd period - Shot Misses the Net.
8:14 of 3rd period - Shot by Nicolas Roy.
8:14 of 3rd period - Shot Misses the Net.
8:18 of 3rd period - Shot by Ilya Mikheyev.
8:18 of 3rd period - Shot Misses the Net.
8:20 of 3rd period - Shot by Ilya Mikheyev.
8:20 of 3rd period - Stopped by Scott Wedgewood without a rebound.
8:21 of 3rd period - Mason Marchment wins face-off versus Lawson Crouse in Mongoloids zone.
8:46 of 3rd period - Shot by Lucas Raymond.
8:46 of 3rd period - Shot Misses the Net.
8:52 of 3rd period - Shot by Robert Thomas.
8:52 of 3rd period - Goal by Robert Thomas - Warheads : 4 - Mongoloids : 3.
8:53 of 3rd period - Jeff Carter wins face-off versus John Tavares in neutral zone.
9:08 of 3rd period - Icing by Jake Walman.
9:09 of 3rd period - Jeff Carter wins face-off versus Dillon Dube in Warheads zone.
9:09 of 3rd period - Jeff Carter is hit by Evgeni Malkin.
9:18 of 3rd period - Jeff Carter is hit by Michael Matheson and loses puck.
9:25 of 3rd period - Shot by Mitchell Marner.
9:25 of 3rd period - Stopped by Scott Wedgewood with a rebound.
9:40 of 3rd period - Shot by Ondrej Palat.
9:40 of 3rd period - Shot Misses the Net.
9:42 of 3rd period - Shot by Adam Boqvist.
9:42 of 3rd period - Shot Blocked by Jeff Carter.
9:44 of 3rd period - Shot by Michael Matheson.
9:44 of 3rd period - Shot Blocked by Mitchell Marner.
9:46 of 3rd period - Shot by Dillon Dube.
9:46 of 3rd period - Stopped by Logan Thompson without a rebound.
9:47 of 3rd period - Robert Thomas wins face-off versus John Tavares in Warheads zone.
10:00 of 3rd period - Shot by Lucas Raymond.
10:00 of 3rd period - Shot Misses the Net.
10:02 of 3rd period - Shot by Lucas Raymond.
10:02 of 3rd period - Stopped by Scott Wedgewood with a rebound.
10:04 of 3rd period - Shot by Lawson Crouse.
10:04 of 3rd period - Shot Misses the Net.
10:06 of 3rd period - Shot by Lucas Raymond.
10:06 of 3rd period - Shot Blocked by Jonathan Marchessault.
10:08 of 3rd period - Shot by Jeremy Lauzon.
10:08 of 3rd period - Stopped by Scott Wedgewood without a rebound.
10:09 of 3rd period - Nicolas Roy wins face-off versus Austin Watson in Mongoloids zone.
10:10 of 3rd period - Shot by John Marino.
10:10 of 3rd period - Stopped by Scott Wedgewood without a rebound.
10:11 of 3rd period - Nicolas Roy wins face-off versus Austin Watson in Mongoloids zone.
10:35 of 3rd period - Shot by David Perron.
10:35 of 3rd period - Goal by David Perron - Warheads : 4 - Mongoloids : 4.
10:36 of 3rd period - Brock Knuckledunker wins face-off versus Evgeni Malkin in neutral zone.
10:56 of 3rd period - Minor Penalty to John Tavares for Tripping.
10:57 of 3rd period - Robert Thomas wins face-off versus Drake Batherson in Mongoloids zone.
11:22 of 3rd period - Icing by Lawson Crouse.
11:23 of 3rd period - Robert Thomas wins face-off versus Dillon Dube in Warheads zone.
11:46 of 3rd period - Shot by Robert Thomas.
11:46 of 3rd period - Stopped by Scott Wedgewood without a rebound.
11:47 of 3rd period - Brock Knuckledunker wins face-off versus Evgeni Malkin in Mongoloids zone.
12:48 of 3rd period - Mattias Ekholm is hit by Lawson Crouse and loses puck.
13:11 of 3rd period - Shot by John Tavares.
13:11 of 3rd period - Stopped by Logan Thompson with a rebound.
13:13 of 3rd period - Shot by Mason Marchment.
13:13 of 3rd period - Deflect By John Tavares.
13:13 of 3rd period - Shot Misses the Net.
13:22 of 3rd period - Mason Marchment is hit by Timothy Liljegren and loses puck.
13:46 of 3rd period - David Perron is hit by Timothy Liljegren.
13:54 of 3rd period - Shot by David Perron.
13:54 of 3rd period - Stopped by Logan Thompson without a rebound.
13:55 of 3rd period - Robert Thomas wins face-off versus Mason McTavish in Warheads zone.
14:03 of 3rd period - Shot by Mason McTavish.
14:03 of 3rd period - Stopped by Logan Thompson without a rebound.
14:04 of 3rd period - Brock Knuckledunker wins face-off versus John Tavares in Warheads zone.
14:04 of 3rd period - Brock Knuckledunker is hit by Jonathan Marchessault.
14:18 of 3rd period - Shot by Brock Knuckledunker.
14:18 of 3rd period - Stopped by Scott Wedgewood without a rebound.
14:19 of 3rd period - Robert Thomas wins face-off versus Mason McTavish in Mongoloids zone.
14:32 of 3rd period - Shot by Cam Fowler.
14:32 of 3rd period - Stopped by Scott Wedgewood without a rebound.
14:33 of 3rd period - Brock Knuckledunker wins face-off versus Ondrej Palat in Mongoloids zone.
14:53 of 3rd period - Brock Knuckledunker is hit by Evgeni Malkin and loses puck.
14:54 of 3rd period - Brock Knuckledunker from Warheads is injured at 14:54 of 3rd period (Lower Body).
14:55 of 3rd period - John Tavares wins face-off versus Robert Thomas in neutral zone.
14:58 of 3rd period - Lawson Crouse is hit by Drake Batherson.
15:19 of 3rd period - Minor Penalty to Jonathan Marchessault for Interference.
15:20 of 3rd period - John Tavares wins face-off versus Mitchell Marner in Mongoloids zone.
16:45 of 3rd period - Shot by Cam Fowler.
16:45 of 3rd period - Shot Misses the Net.
17:03 of 3rd period - Shot by Mitchell Marner.
17:03 of 3rd period - Shot Misses the Net.
17:05 of 3rd period - Shot by Jack McBain.
17:05 of 3rd period - Shot Misses the Net.
17:30 of 3rd period - Evgeni Malkin is hit by Timothy Liljegren and loses puck.
17:45 of 3rd period - Shot by Nicolas Roy.
17:45 of 3rd period - Stopped by Scott Wedgewood without a rebound.
17:46 of 3rd period - Jeff Carter wins face-off versus Mason McTavish in Mongoloids zone.
17:53 of 3rd period - Shot by Mitchell Marner.
17:53 of 3rd period - Shot Misses the Net.
18:46 of 3rd period - Shot by Lawson Crouse.
18:46 of 3rd period - Stopped by Scott Wedgewood without a rebound.
18:47 of 3rd period - Evgeni Malkin wins face-off versus Nicolas Roy in Mongoloids zone.
18:47 of 3rd period - John Tavares is hit by Nicolas Roy and loses puck.
18:52 of 3rd period - Shot by Ilya Mikheyev.
18:52 of 3rd period - Shot Misses the Net.
19:09 of 3rd period - Icing by Markus Niemelainen.
19:10 of 3rd period - Evgeni Malkin wins face-off versus Robert Thomas in Mongoloids zone.
19:17 of 3rd period - Lucas Raymond is hit by John Tavares and loses puck.
19:23 of 3rd period - Jake Walman is hit by Markus Niemelainen and loses puck.
19:56 of 3rd period - Icing by Markus Niemelainen.
19:57 of 3rd period - Evgeni Malkin wins face-off versus Lukas Reichel in Mongoloids zone.
Goals for this period are 4 for Warheads vs 2 for Mongoloids.
Shots for this period are 15 for Warheads vs 7 for Mongoloids.

Overtime #1


0:01 of 1st overtime period - Jonathan Marchessault wins face-off versus Robert Thomas in neutral zone.
0:04 of 1st overtime period - Shot by Drake Batherson.
0:04 of 1st overtime period - Stopped by Logan Thompson without a rebound.
0:05 of 1st overtime period - Robert Thomas wins face-off versus John Tavares in Warheads zone.
0:10 of 1st overtime period - Shot by Mitchell Marner.
0:10 of 1st overtime period - Shot Blocked by Michael Matheson.
0:22 of 1st overtime period - Shot by John Tavares.
0:22 of 1st overtime period - Stopped by Logan Thompson without a rebound.
0:23 of 1st overtime period - John Tavares wins face-off versus Robert Thomas in Warheads zone.
0:24 of 1st overtime period - Shot by Michael Matheson.
0:24 of 1st overtime period - Goal by Michael Matheson - Warheads : 4 - Mongoloids : 5.
Goals for this period are 0 for Warheads vs 1 for Mongoloids.
Shots for this period are 0 for Warheads vs 3 for Mongoloids.